 Dungeon Sprint DCSS version 0.22-a0-224-g8cf3520 (webtiles) character file.

58 Ghella the Covert (level 3, -11/16 HPs)
             Began as a Spriggan Enchanter on Feb 19, 2018.
             Splashed by an oklob sapling priest's acid (17 damage)
             ... in the Dungeon (Sprint IV: "Fedhas' Mad Dash").
             The game lasted 00:00:52 (71 turns).

Ghella the Covert (Spriggan Enchanter)                Turns: 71, Time: 00:00:52

Health: -11/16     AC: -2    Str:  4    XL:     3   Next: 76%
Magic:  8/9        EV: 19    Int: 16    God:
Gold:   61         SH:  0    Dex: 17    Spells: 9/10 levels left

rFire    . . .     SeeInvis +   a - +1 dagger
rCold    . . .     Gourm    .   (shield restricted)
rNeg     . . .     Faith    .   b - +0 robe
rPois    .         Spirit   .   (helmet restricted)
rElec    .         Reflect  .   (no cloak)
rCorr    .         Harm     .   (gloves unavailable)
MR       .....     NoTele   +   (boots unavailable)
Stlth    ++++......             j - amulet of invisibility {+Inv}
HPRegen  0.05/turn              (no ring)
MPRegen  0.11/turn              (no ring)

@: corroded, very slightly contaminated, very quick
A: very small, unfitting armour, see invisible, herbivore, speed 3, slow
metabolism 2
a: Evoke Invisibility


You were in the Dungeon.
You were not hungry.

You visited 1 branch You collected 61 gold pieces.

Inventory:

Hand Weapons
 a - a +1 dagger (weapon)
Armour
 b - a +0 robe (worn)
Jewellery
 j - the amulet of invisibility (around neck) {+Inv}
   (You found it in the Dungeon)

   [amulet of nothing]

   It lets you turn invisible.
Scrolls
 i - a scroll of blinking
Potions
 d - a potion of curing
 f - a potion of haste
 g - 2 potions of magic
 h - a potion of berserk rage
Comestibles
 c - a ration


   Skills:
 + Level 1.1 Short Blades
 + Level 4.3 Dodging
 + Level 8.3 Stealth
 + Level 4.4 Spellcasting
 + Level 6.6 Hexes


You had 9 spell levels left.
You knew the following spells:

 Your Spells              Type           Power        Failure   Level  Hunger
a - Corona                Hex            ###....      1%          1    None


Dungeon Overview and Level Annotations

Branches:
Dungeon (1/1)

Altars:
Cheibriados
Dithmenos
Elyvilon
Gozag
Hepliaklqana
Kikubaaqudgha
Makhleb
Nemelex Xobeh
Okawaru
Qazlal
Ru
Sif Muna
Trog
Uskayaw
Vehumet
Wu Jian
Xom
Yredelemnul
Zin
The Shining One
Beogh
Jiyva
Lugonu

Annotations:
D exclusion: oklob sapling


Innate Abilities, Weirdness & Mutations

You are very small and have problems with some larger weapons.
You are too small for most types of armour.
You have supernaturally acute eyesight. (SInv)
You are a herbivore.
You cover ground extremely quickly.
You need consume almost no food.


Message History

The oklob sapling priest is moderately damaged.
You hit the oklob sapling priest but do no damage.
The oklob sapling priest is moderately damaged.
The oklob sapling priest spits acid at you.
The splash of acid misses you.
You hit the oklob sapling priest but do no damage.
The oklob sapling priest is moderately damaged.
You hit the oklob sapling priest but do no damage.
The oklob sapling priest is moderately damaged.
You hit the oklob sapling priest but do no damage.
The oklob sapling priest is moderately damaged.
You hit the oklob sapling priest but do no damage.
The oklob sapling priest is moderately damaged.
You flicker back into view.
The oklob sapling priest spits acid at you.
The splash of acid hits you!
Ouch! That really hurt!
The acid corrodes you!
You are splashed with acid!
The acid burns!
Ouch! That really hurt!
You die...

########################
..†#.....#.⌠._._._._.⌠.#
...'.#...'.._._.@._._..+
.†.#.#†..#..._._P_._...#
#######+##.._._._._._..#
#._._._._._.⌠.#
###############


You could see an oklob sapling priest.

Vanquished Creatures
  An oklob sapling (D)
  A worker ant (D)
  A river rat (D)
  A rat (D)
4 creatures vanquished.

Notes
Turn   | Place    | Note
-------+----------+-------------------------------------------
     0 | D        | Ghella the Spriggan Enchanter began the quest for the Orb.
     0 | D        | Reached XP level 1. HP: 9/9 MP: 5/5
     8 | D        | Reached skill level 5 in Stealth
     8 | D        | Reached XP level 2. HP: 13/13 MP: 7/7
    19 | D        | Noticed an oklob sapling
    21 | D        | Killed an oklob sapling
    21 | D        | Reached skill level 7 in Stealth
    21 | D        | Reached skill level 5 in Hexes
    21 | D        | Reached XP level 3. HP: 16/16 MP: 7/9
    24 | D        | Found the amulet of invisibility {+Inv}
    25 | D        | Reached skill level 8 in Stealth
    46 | D        | Found an opulent altar of Gozag.
    46 | D        | Found a hazy altar of Hepliaklqana.
    46 | D        | Found a burning altar of Makhleb.
    46 | D        | Found a roughly hewn altar of Beogh.
    46 | D        | Found a sparkling altar of Nemelex Xobeh.
    46 | D        | Found a snail-covered altar of Cheibriados.
    46 | D        | Found a sacrificial altar of Ru.
    46 | D        | Found a deep blue altar of Sif Muna.
    46 | D        | Found a shimmering altar of Xom.
    46 | D        | Found a basalt altar of Yredelemnul.
    47 | D        | Found a viscous altar of Jiyva.
    47 | D        | Found a bloodstained altar of Trog.
    47 | D        | Found an ornate altar of the Wu Jian Council.
    47 | D        | Noticed an oklob sapling priest
    53 | D        | Found a shadowy altar of Dithmenos.
    53 | D        | Found an iron altar of Okawaru.
    53 | D        | Found a glowing silver altar of Zin.
    54 | D        | Found an ancient bone altar of Kikubaaqudgha.
    54 | D        | Found a hide-covered altar of Uskayaw.
    55 | D        | Found a white marble altar of Elyvilon.
    55 | D        | Found a stormy altar of Qazlal.
    55 | D        | Found a glowing golden altar of the Shining One.
    56 | D        | Found a corrupted altar of Lugonu.
    56 | D        | Found a radiant altar of Vehumet.
    71 | D        | Splashed by an oklob sapling priest's acid

Vault maps used:
D:        dungeon_sprint_fedhas

Skill      XL: |  1  2  3 |
---------------+----------+-----
Stealth        | 5 7 8 |  8.3
Spellcasting   | 3 4 |  4.4
Hexes          | 4 5 6 |  6.6
Dodging        | 4 |  4.3
Short Blades   | |  1.1

Action                   || total
-------------------------++-------
Melee: Dagger            ||    15
 Abil: Evoke Invisibilit ||     1
  Use: Potion            ||     1
 Stab: Sleeping          ||     4
       Invisible         ||     1
Dodge: Dodged            ||     1

Table legend:
 A = Spawn XP
 B = Non-spawn XP
 C = Spawn XP percentage of total XP
 D = Spawn monster count
 E = Non-spawn monster count
 F = Spawn count percentage of total count
 G = Total turns spent on level
                    A         B        C        D         E        F      G
               +---------+---------+-------+---------+---------+-------+---------
         Total |       0 |      84 |   0.0 |       0 |       4 |   0.0 |    71
               +---------+---------+-------+---------+---------+-------+---------
             D |       0 |      84 |   0.0 |       0 |       4 |   0.0 |    71
               +---------+---------+-------+---------+---------+-------+---------
